[Event "*** Titled Tuesday 3|2 Blitz"]
[Site "Chess.com"]
[Date "2016.09.06"]
[Round "5"]
[White "Keranke"]
[Black "RodinMihail"]
[Result "1-0"]
[WhiteElo "2544"]
[BlackElo "2330"]
[TimeControl "180+2"]
[EndTime "12:00:05 PDT"]
[Termination "Keranke won by resignation"]

1. d4 d5 2. Bf4 c5 3. e3 Nc6 4. Nc3 a6 5. Nf3 Nf6 6. Ne5 Bf5 7. Nxc6 bxc6 8. dxc5 Qa5 9. Qd4 Bxc2 10. b4 Qa3 11. Be2 e6 12. O-O a5 13. b5 Bxc5 14.
Qd2 Bg6 15. bxc6 Bb4 16. Nb5 Bxd2 17. Nxa3 Rc8 18. Ba6 O-O 19. Bxc8 Rxc8 20. c7 Bc3 21. Nb5 Bxa1 22. Rxa1 Ne8 23. Rc1 e5 24. Bxe5 f6 25.
Bg3 Bf5 26. Na7 Kf7 27. Nxc8 Bxc8 28. Rc5 Ke6 29. Rxa5 g5 30. Rc5 f5 31. a4 Nf6 32. a5 Ne4 33. Rb5 f4 34. exf4 d4 35.
Re5+ 1-0

[Event "*** Titled Tuesday 3|2 Blitz"]
[Site "Chess.com"]
[Date "2016.09.06"]
[Round "5"]
[White "saraswathii"]
[Black "geordie_derraugh"]
[Result "1-0"]
[WhiteElo "2108"]
[BlackElo "2165"]
[TimeControl "180+2"]
[EndTime "12:00:05 PDT"]
[Termination "saraswathii won by checkmate"]

1. e4 c5 2. Nf3 d6 3. d3 Nc6 4. g3 g6 5. Bg2 Bg7 6. O-O e6 7. c3 Nge7 8. Qe2 O-O 9. Na3 a6 10. Nc2 Qc7 11. d4 b6 12. Be3 f5 13. exf5 Nxf5 14. Rad1 Bd7 15. Bf4 Rae8 16. dxc5 bxc5 17. g4 e5 18. gxf5 exf4 19. Qc4+ Kh8 20. fxg6 Be6 21.
Qa4 Ne5 22. gxh7 Bg4 23. Nxe5 Rxe5 24. f3 Bd7 25. Qxa6 Rf6 26. Rfe1 Rg5 27. Kh1 Rfg6 28.
Rd2 Bc6 29. Qd3 c4 30. Qxc4 Rxg2 31. Qg8# 1-0

[Event "*** Titled Tuesday 3|2 Blitz"]
[Site "Chess.com"]
[Date "2016.09.06"]
[Round "5"]
[White "Krutoy123"]
[Black "Misha_Bilous"]
[Result "1-0"]
[WhiteElo "2418"]
[BlackElo "2359"]
[TimeControl "180+2"]
[EndTime "12:00:23 PDT"]
[Termination "Krutoy123 won by resignation"]

1. e4 c5 2. Nf3 Nc6 3. Bb5 Nf6 4.
Nc3 Qc7 5. O-O Nd4 6. Re1 a6 7. Bf1 d6 8. Nxd4 cxd4 9. Ne2 Nxe4 10. Nxd4 Nf6 11. Qf3 g6 12. Qxf6 Rg8 13. Qf3 Bg7 14. c3 e5 15. Nc2 Bd7 16. d4 O-O-O 17. Nb4 Be6 18. Nd5 Bxd5 19. Qxd5 f5 20. g3 h5 21. Bg5 Rde8 22. Bg2 e4 23. f3 h4 24. fxe4 hxg3 25. hxg3 fxe4 26. Rxe4 Rxe4 27. Qxg8+ 1-0

[Event "*** Titled Tuesday 3|2 Blitz"]
[Site "Chess.com"]
[Date "2016.09.06"]
[Round "5"]
[White "LuckyTiger"]
[Black "severomorskij"]
[Result "0-1"]
[WhiteElo "2546"]
[BlackElo "2613"]
[TimeControl "180+2"]
[EndTime "12:00:34 PDT"]
[Termination "severomorskij won by resignation"]

1. e4 c5 2. c3 d5 3. exd5 Qxd5 4. d4 Nf6 5. Nf3 Bf5 6. Be3 Nc6 7. Nbd2 cxd4 8. Bc4 dxe3 9. Bxd5 exd2+ 10. Qxd2 O-O-O 11. O-O Rxd5 12. Qf4 e6 13. Rad1 Bd6 14. Qa4 Ra5 15. Qc4 Rc5 16. Qa4 Rd8 17. b4 Rxc3 18. b5 Bc2 19.
Qh4 Bxd1 20. Rxd1 Bc5 21. Rxd8+ Nxd8 22. h3 Rc2 23. Qg5 Bxf2+ 24. Kh1 Ne4 25. Qe5 Rc1+ 26. Kh2 Bg3+ 0-1

[Event "*** Titled Tuesday 3|2 Blitz"]
[Site "Chess.com"]
[Date "2016.09.06"]
[Round "5"]
[White "tigra"]
[Black "Saitama_Hero"]
[Result "1-0"]
[WhiteElo "2457"]
[BlackElo "2256"]
[TimeControl "180+2"]
[EndTime "12:00:42 PDT"]
[Termination "tigra won by resignation"]

1. e4 c5 2. Nf3 b6 3. d4 cxd4 4. Nxd4 Bb7 5. Bd3 Nc6 6. Be3 Nf6 7. c4 e6 8. Nc3 Ne5 9. Be2 Bb4 10. f3 Rc8 11. Qb3 Qe7 12. O-O O-O 13. Rfd1 d5 14.
cxd5 Bxc3 15. d6 Qxd6 16. Nb5 Qb8 17. Nxc3 Ng6 18. Rd2 Nf4 19. Bb5 a6 20. Bf1 b5 21.
a4 bxa4 22. Rxa4 e5 23. Rb4 Rc7 24. Bxa6 Rd8 25. Rxb7 1-0

[Event "*** Titled Tuesday 3|2 Blitz"]
[Site "Chess.com"]
[Date "2016.09.06"]
[Round "5"]
[White "hypert"]
[Black "Gabrielian_Artur"]
[Result "0-1"]
[WhiteElo "2341"]
[BlackElo "2509"]
[TimeControl "180+2"]
[EndTime "12:00:51 PDT"]
[Termination "Gabrielian_Artur won by resignation"]

1. d4 Nf6 2. g3 g6 3. Bg2 d5 4. Nd2 Bg7 5. Ngf3 O-O 6. O-O c6 7. b3 a5 8. Bb2 a4 9. Re1 Bf5 10. Nh4 Be4 11. Nxe4 dxe4 12. Bf1 a3 13. Bc1 c5 14. e3 cxd4 15. exd4 Nc6 16. c3 e5 17.
dxe5 Nxe5 18. Be3 Nd5 19. Bd4 f5 20. Bxe5 Bxe5 21. Bc4 Bxc3 22. Qxd5+ Qxd5 23. Bxd5+ Kg7 24. Bxb7 Rab8 25. Bd5 Rfd8 26. Bc4 Bxe1 27. Rxe1 Rd2 28.
Ra1 Rbd8 29. Kf1 Rb2 30. Ng2 Rdd2 31. Nf4 Rxf2+ 32. Kg1 Rxa2 33. Rxa2 Rxa2 34. Ne6+ Kf6 35. Nd4 Rb2 0-1

[Event "*** Titled Tuesday 3|2 Blitz"]
[Site "Chess.com"]
[Date "2016.09.06"]
[Round "5"]
[White "Ksenia_Legenko"]
[Black "goingin33"]
[Result "0-1"]
[WhiteElo "2009"]
[BlackElo "2143"]
[TimeControl "180+2"]
[EndTime "12:00:59 PDT"]
[Termination "goingin33 won by checkmate"]

1. d4 Nf6 2. c4 g6 3. Nc3 d5 4. Qa4+ Bd7 5. Qb3 dxc4 6. Qxc4 Bg7 7. Bf4 Bc6 8. Rd1 Nd5 9. Be5 Nxc3 10. Qxc3 f6 11. Bg3 O-O 12. d5 Bb5 13. Qxc7 Qxc7 14. Bxc7 Na6 15. Bg3 f5 16. b3 Bc3+ 17. Rd2 Rfd8 18. d6 e5 19. Nf3 Bxd2+ 20. Nxd2 f4 21. Bh4 Rxd6 22. e3 Bxf1 23. Rxf1 Rc8 24. Nc4 Re6 25.
Ke2 b5 26. Nd2 h6 27. f3 Rc2 28. Rd1 Rxa2 29. exf4 exf4+ 30. Kf1 Nc5 31. Bf2 Nd3 32.
Bd4 Rxd2 33. Rxd2 Re1# 0-1

[Event "*** Titled Tuesday 3|2 Blitz"]
[Site "Chess.com"]
[Date "2016.09.06"]
[Round "5"]
[White "Haridaskesavan"]
[Black "Quiet_Desperation"]
[Result "1-0"]
[WhiteElo "2206"]
[BlackElo "2225"]
[TimeControl "180+2"]
[EndTime "12:01:00 PDT"]
[Termination "Haridaskesavan won by resignation"]

1. e4 Nf6 2. e5 Nd5 3. Nc3 Nxc3 4.
dxc3 d6 5. exd6 cxd6 6. Be3 Nc6 7. Qd2 Be6 8. Nf3 a6 9. Nd4 Nxd4 10. cxd4 Rc8 11.
Bd3 Qd7 12. O-O g6 13. b3 Bg7 14. c4 O-O 15. Rad1 Bg4 16. f3 Bf5 17. Rfe1 Bxd3 18. Qxd3 b5 19. d5 bxc4 20. bxc4 Qa4 21. Rc1 Qxa2 22.
Bd4 Bh6 23. Rc2 Qa5 24. Rxe7 Rfe8 25. Ree2 Rxe2 26. Rxe2 Qa4 27. g3 Bg7 28. Bxg7 Kxg7 29. Qc3+ Kg8 30. Rc2 a5 31. Kg2 Qb4 32. f4 Qxc3 33.
Rxc3 Kg7 34. Kf3 Kf6 35. Ke4 Re8+ 36. Kd4 Re2 37. Ra3 Rd2+ 38. Kc3 Rxh2 39. Rxa5 Rg2 40. Kd4 Rxg3 41. Ra6 Ke7 42. Ra7+ Kf6 43. Rd7 h5 44.
Rxd6+ Kf5 45. Rd7 f6 46. c5 h4 47. c6 Rg1 48. c7 Rc1 49. d6 h3 50. Rh7 Kg4 51. d7 h2 52. d8=Q Rd1+ 1-0

[Event "*** Titled Tuesday 3|2 Blitz"]
[Site "Chess.com"]
[Date "2016.09.06"]
[Round "5"]
[White "chorejason"]
[Black "Lali-Rustavi"]
[Result "1-0"]
[WhiteElo "2031"]
[BlackElo "1821"]
[TimeControl "180+2"]
[EndTime "12:01:01 PDT"]
[Termination "chorejason won by resignation"]

1. e4 c5 2. Nf3 Nc6 3. d4 cxd4 4.
Nxd4 Nf6 5. Nc3 e5 6. Ndb5 d6 7. Bg5 a6 8. Na3 b5 9. Bxf6 gxf6 10. Nd5 f5 11. Bd3 Bh6 12. exf5 Qg5 13. O-O O-O 14. f4 exf4 15. Rxf4 Kh8 16. Rg4 Qd8 17. Qf3 Ne5 18. Qh3 Nxg4 19. Qxg4 Bb7 20. f6 Bxd5 21. Qf5 Be3+ 22.
Kf1 Bxg2+ 23. Ke2 Bf3+ 24. Kxf3 1-0

[Event "*** Titled Tuesday 3|2 Blitz"]
[Site "Chess.com"]
[Date "2016.09.06"]
[Round "5"]
[White "Sinquefield"]
[Black "Gordima"]
[Result "1-0"]
[WhiteElo "2092"]
[BlackElo "2494"]
[TimeControl "180+2"]
[EndTime "12:01:13 PDT"]
[Termination "Sinquefield won on time"]

1. e4 c5 2. Nf3 d6 3. d4 cxd4 4.
Nxd4 Nf6 5. Nc3 a6 6. Bc4 e6 7. Bb3 Nbd7 8. f4 Nc5 9. Qf3 Be7 10. Be3 b5 11. g4 Bb7 12. g5 Nfxe4 13. Nxe4 Bxe4 14.
Qf1 O-O 15. Rg1 Qa5+ 16. Bd2 Qb6 17. f5 Nxb3 18. Nxb3 Bxf5 19. O-O-O a5 20. Bc3 b4 21. Bd4 Qc6 22. Rd2 a4 23. Na1 b3 24. axb3 axb3 25. Nxb3 1-0

[Event "*** Titled Tuesday 3|2 Blitz"]
[Site "Chess.com"]
[Date "2016.09.06"]
[Round "5"]
[White "putinwarrior"]
[Black "Astaneh"]
[Result "0-1"]
[WhiteElo "2358"]
[BlackElo "2485"]
[TimeControl "180+2"]
[EndTime "12:01:41 PDT"]
[Termination "Astaneh won by resignation"]

1. e4 c6 2. d3 d5 3. Nd2 e5 4.
Ngf3 Bd6 5. c3 Nf6 6. g3 O-O 7. Bg2 Nbd7 8. O-O Nc5 9. Qc2 Bg4 10. h3 Bh5 11. Re1 Re8 12. b4 Ncd7 13. Bb2 a5 14. a3 axb4 15. axb4 Qb6 16. g4 Bg6 17. Nh4 Nf8 18. Nf1 Ne6 19. exd5 Nxd5 20. Nxg6 hxg6 21. Ne3 Nxe3 22. fxe3 Rxa1 23. Bxa1 Be7 24. Bb2 Bh4 25. Re2 Nf4 26. Kh1 Nxe2 27. Qxe2 Qa6 28. Be4 Qa2 29. Kg2 Qb1 30. Kf3 Re6 31. Kg2 Re8 32. Kf3 Qh1+ 33. Qg2 Qxg2+ 34. Kxg2 Ra8 0-1

[Event "*** Titled Tuesday 3|2 Blitz"]
[Site "Chess.com"]
[Date "2016.09.06"]
[Round "5"]
[White "dusanacns"]
[Black "alturas_pacificas"]
[Result "1-0"]
[WhiteElo "2541"]
[BlackElo "2152"]
[TimeControl "180+2"]
[EndTime "12:01:43 PDT"]
[Termination "dusanacns won by resignation"]

1. e4 g6 2. d4 Bg7 3. Nc3 d6 4. f4 Nf6 5. Nf3 O-O 6. e5 dxe5 7. fxe5 Nd5 8. Bc4 c6 9. O-O Bg4 10. Ne4 b5 11. Bb3 a5 12. a4 Na6 13. h3 Bxf3 14.
Qxf3 b4 15. Bg5 Qb6 16. Rad1 Rae8 17. Kh1 Nac7 18. Nc5 Ne6 19. Nxe6 fxe6 20. Qg4 Rf5 21. Rxf5 exf5 22. Qe2 e6 23. Qc4 Rc8 24. Qe2 h6 25.
Bc1 Rd8 26. h4 Kh7 27. Qf3 Nc7 28. Be3 Nd5 29. Bf2 Qb7 30. Rd3 Qe7 31. Kg1 Qc7 32. Bc4 Qe7 33. Qd1 Qc7 34. Rg3 Qf7 35.
Qe2 Qe7 36. Bb3 Qxh4 37. Rxg6 Qf4 38. Rxe6 Qc1+ 39. Qf1 Qxb2 40. Rxc6 f4 41. Qd3+ Kh8 42. Bxd5 Qc1+ 43. Kh2 Rxd5 44. Rc8+ Bf8 45. Rxf8+ Kg7 46. Qf5 1-0

[Event "*** Titled Tuesday 3|2 Blitz"]
[Site "Chess.com"]
[Date "2016.09.06"]
[Round "5"]
[White "Pudor"]
[Black "PowerThinking2650"]
[Result "1-0"]
[WhiteElo "2374"]
[BlackElo "2156"]
[TimeControl "180+2"]
[EndTime "12:01:53 PDT"]
[Termination "Pudor won by resignation"]

1. d4 Nf6 2. c4 g6 3. Nc3 Bg7 4.
Nf3 O-O 5. e4 d6 6. Be2 e5 7.
O-O Nc6 8. d5 Ne7 9. Ne1 Nd7 10.
Nd3 f5 11. Bd2 Kh8 12. Rc1 c5 13. f3 f4 14. g4 g5 15. Kg2 h5 16. h3 Ng6 17.
Be1 Nf6 18. Rh1 Kg8 19. Bf2 Kf7 20. Rb1 Bd7 21. b4 b6 22. bxc5 dxc5 23. a4 hxg4 24. hxg4 Rh8 25. Rxh8 Qxh8 26. Qh1 Qxh1+ 27. Rxh1 Bf8 28.
a5 Bd6 29. Ra1 Rb8 30. axb6 axb6 31. Ra7 Ke8 32. Bd1 Ne7 33. Ba4 Nc8 34. Bxd7+ Nxd7 35. Ra6 Rb7 36. Nb5 Ke7 37. Be1 Bb8 38. Bc3 Nd6 39.
Nb2 Nxb5 40. cxb5 c4 41. Nxc4 Rc7 42. Bb4+ Kf6 43. Nxb6 Rc2+ 44. Kf1 1-0

[Event "*** Titled Tuesday 3|2 Blitz"]
[Site "Chess.com"]
[Date "2016.09.06"]
[Round "5"]
[White "popov_m"]
[Black "Blitzstream"]
[Result "0-1"]
[WhiteElo "2157"]
[BlackElo "2542"]
[TimeControl "180+2"]
[EndTime "12:01:56 PDT"]
[Termination "Blitzstream won by resignation"]

1. Nf3 Nf6 2. c4 c6 3. d4 d5 4. Nc3 e6 5. Bg5 dxc4 6. a4 Bb4 7. Qc2 Nbd7 8. e4 Qa5 9. Bxc4 Bxc3+ 10. bxc3 Nxe4 11.
Qxe4 Qxc3+ 12. Nd2 Qxa1+ 13. Ke2 Qxh1 14. Nf1 Nf6 15. Qf3 Bd7 16. h3 O-O-O 17. Bf4 Nd5 18.
Bg3 Rhe8 19. Kd2 e5 20. Bd3 e4 21. Bxe4 Qxf1 22. Bxd5 Qe1+ 23. Kd3 Qb1+ 24. Kc3 Qc1+ 25. Kb3 cxd5 26. Qf4 Qxf4 0-1

[Event "*** Titled Tuesday 3|2 Blitz"]
[Site "Chess.com"]
[Date "2016.09.06"]
[Round "5"]
[White "SavelijTartakover"]
[Black "cassoulet"]
[Result "1-0"]
[WhiteElo "2481"]
[BlackElo "2300"]
[TimeControl "180+2"]
[EndTime "12:01:57 PDT"]
[Termination "SavelijTartakover won by resignation"]

1. d4 d5 2. c4 e6 3. Nc3 Nf6 4. cxd5 exd5 5. Bg5 Be7 6. e3 O-O 7. Qc2 c6 8. Bd3 Nbd7 9. Nf3 Re8 10. O-O Nf8 11.
h3 Ne4 12. Bf4 f5 13. Ne5 Bf6 14. f3 Nd6 15. Bh2 Ng6 16. f4 Ne4 17. Nxe4 fxe4 18. Be2 Nxe5 19. fxe5 Bg5 20. Bf4 Be6 21. Qb3 Bxf4 22.
Rxf4 Qe7 23. Raf1 Qc7 24. Qb4 Qe7 25. Rf8+ Qxf8 26. Rxf8+ Rxf8 27. Qxb7 Rfc8 28. Bg4 Bxg4 29. hxg4 Rab8 30. Qd7 h6 31. e6 Kh8 32. b3 a5 33.
Kh2 Kh7 34. Kh3 Ra8 35. Kh4 Kg6 36. Qf7+ Kh7 37. g5 Rf8 38. g6+ Kh8 39. Kh5 Rfe8 40. e7 Rac8 41. Kg4 Rb8 42. Kf5 Rec8 43. Ke6 c5 44. Kxd5 cxd4 45. Kxd4 a4 46. Kxe4 axb3 47. axb3 Rb4+ 48. Kd5 Rb5+ 49. Kd6 Rbb8 50. Kd7 h5 51. e8=Q+ Rxe8 52. Qxe8+ Rxe8 53. Kxe8 h4 54. b4 h3 55.
gxh3 Kg8 56. b5 Kh8 1-0

[Event "*** Titled Tuesday 3|2 Blitz"]
[Site "Chess.com"]
[Date "2016.09.06"]
[Round "5"]
[White "maciek_92"]
[Black "dretch"]
[Result "1-0"]
[WhiteElo "2536"]
[BlackElo "2616"]
[TimeControl "180+2"]
[EndTime "12:02:06 PDT"]
[Termination "maciek_92 won by checkmate"]

1. c4 c5 2. Nf3 Nc6 3. d4 cxd4 4. Nxd4 Qb6 5. Nb3 Nf6 6. Nc3 g6 7. e4 Bg7 8. Be2 O-O 9. O-O Ne8 10. Be3 Qd8 11.
Rc1 Nd6 12. Nd4 f5 13. exf5 gxf5 14. f4 b6 15. Bf3 Bb7 16. Nxc6 Bxc6 17. Bd4 Rf7 18. b3 Qf8 19. Be5 Ne4 20. Nxe4 fxe4 21. Bh5 Rf5 22. Bg4 Bxe5 23. Bxf5 Qxf5 24. fxe5 Qxe5 25. Qg4+ Kh8 26. Rf7 Qb2 27. Rcf1 Rg8 28. Rxh7+ Kxh7 29. Qh5+ Kg7 30. Rf7# 1-0

[Event "*** Titled Tuesday 3|2 Blitz"]
[Site "Chess.com"]
[Date "2016.09.06"]
[Round "5"]
[White "nonscitis"]
[Black "pKiLz5Rn9b"]
[Result "0-1"]
[WhiteElo "2345"]
[BlackElo "2455"]
[TimeControl "180+2"]
[EndTime "12:02:06 PDT"]
[Termination "pKiLz5Rn9b won by resignation"]

1. e4 e6 2. d4 d5 3. Nd2 dxe4 4. Nxe4 Nd7 5. Nf3 Ngf6 6. Bd3 Nxe4 7. Bxe4 Nf6 8. Bg5 h6 9. Bxf6 Qxf6 10. O-O Bd6 11. Qe2 g5 12. Ne5 Ke7 13. Nc4 Qxd4 14. Rad1 Qf6 15. Nxd6 cxd6 16. Qd2 Rd8 17. f4 g4 18. Qe2 h5 19. c4 Bd7 20. c5 dxc5 21. Qc4 Rac8 22. Bxb7 Rc7 23. Be4 Rb8 24. Rxd7+ Kxd7 25.
Rd1+ Ke8 26. b3 Kf8 27. Bb1 Rd8 28. Rf1 Qd4+ 29. Qxd4 cxd4 30. Bd3 Rc3 31. Bc4 d3 32. Rd1 d2 33. Kf2 Rc2 34. a4 h4 35. g3 hxg3+ 36.
hxg3 Kg7 37. Ke3 Rc3+ 38. Kf2 Rf3+ 39. Kg2 Kf6 40. b4 Re3 41. Kf2 Re4 42. Be2 Rxb4 43. Bxg4 Rxa4 44. Be2 Rb4 45. Ke3 a5 46. g4 a4 47. g5+ Ke7 48. Bd3 a3 49. Rxd2 Rb3 0-1

[Event "*** Titled Tuesday 3|2 Blitz"]
[Site "Chess.com"]
[Date "2016.09.06"]
[Round "5"]
[White "Mastervlad8"]
[Black "AnastasiaProtopopova"]
[Result "1-0"]
[WhiteElo "2159"]
[BlackElo "2068"]
[TimeControl "180+2"]
[EndTime "12:02:07 PDT"]
[Termination "Mastervlad8 won by resignation"]

1. e4 e5 2. Nf3 Nc6 3. d4 exd4 4. Nxd4 Bc5 5. Nb3 Bb6 6. Nc3 Nf6 7. Bg5 h6 8. Bh4 d6 9. Qe2 Qe7 10. O-O-O g5 11. Bg3 Be6 12. Kb1 O-O-O 13. f3 Ne5 14. Nd4 Bd7 15. Qd2 Rhg8 16. Bb5 h5 17. Bxd7+ Nfxd7 18.
Nf5 Qe6 19. Nd5 h4 20. Nde7+ Kb8 21. Nxg8 hxg3 22. Nge7 Nc4 23. Qd5 Re8 24. hxg3 Nf6 25. Qb5 a6 26. Qb3 Nd7 27. Nd5 Na5 28. Qc3 Nc6 29.
Nxb6 Nxb6 30. Ng7 Qe7 31. Nxe8 Qxe8 32. Rh8 1-0

[Event "*** Titled Tuesday 3|2 Blitz"]
[Site "Chess.com"]
[Date "2016.09.06"]
[Round "5"]
[White "Dlugy"]
[Black "NTBT_DHS"]
[Result "1-0"]
[WhiteElo "2569"]
[BlackElo "2528"]
[TimeControl "180+2"]
[EndTime "12:02:08 PDT"]
[Termination "Dlugy won by resignation"]

1. d4 Nf6 2. Bf4 g6 3. Nc3 Bg7 4. e4 d6 5. Qd2 O-O 6. Bh6 Bxh6 7. Qxh6 c5 8. O-O-O cxd4 9. Rxd4 Nc6 10. Rd2 Qa5 11.
Nf3 Ne5 12. Nxe5 dxe5 13. Bc4 Be6 14. Bxe6 fxe6 15. Qh3 Qa6 16. Qd3 Qc6 17. f3 a6 18.
Rhd1 b5 19. Ne2 Rac8 20. Qc3 Qc5 21. Qxc5 Rxc5 22. Rd8 Rc8 23. Rxf8+ Kxf8 24. c3 Kf7 25. Kc2 g5 26. a4 b4 27. Nc1 bxc3 28. b4 Nh5 29. Nd3 Kf6 30. g3 Ng7 31. Nc5 a5 32.
Nd7+ Kf7 33. Nxe5+ Kf6 34. Nd7+ Kf7 35. bxa5 Ra8 36.
Ne5+ Kf6 37. Nc4 Ne8 38. Kxc3 Nc7 39. Rd7 Na6 40. Nb6 Rb8 41. Ra7 Nc5 42. Kc4 Nb7 43. Nd7+ 1-0

[Event "*** Titled Tuesday 3|2 Blitz"]
[Site "Chess.com"]
[Date "2016.09.06"]
[Round "5"]
[White "andretta"]
[Black "Mischuk_D"]
[Result "1-0"]
[WhiteElo "2270"]
[BlackElo "2464"]
[TimeControl "180+2"]
[EndTime "12:02:23 PDT"]
[Termination "andretta won by resignation"]

1. b3 d5 2. Bb2 Bg4 3. f3 Bh5 4.
Nh3 e6 5. Nf4 Bg6 6. h4 Bd6 7. e3 Bxf4 8. exf4 Nf6 9. g4 h5 10.
f5 exf5 11. g5 Nfd7 12. Bxg7 Qe7+ 13. Qe2 Rg8 14. Bb2 f4 15. Qxe7+ Kxe7 16. Nc3 c6 17. O-O-O Nc5 18. Ba3 Nd7 19. d4 b6 20. dxc5 bxc5 21. Na4 Kd6 22. Bh3 Ne5 23. Bxc5+ Kc7 24. Rhe1 Rae8 25. Bg2 f6 26. Bd4 Bf7 27. Bxe5+ fxe5 28. Nc5 Bg6 29. c4 Kd6 30. Nd3 d4 31. Nf2 c5 32.
Ne4+ Bxe4 33. fxe4 a5 34. Bf3 Rg7 35. Kc2 Rh8 36.
Rb1 Rb7 37. a3 Ke7 38. Rb2 Rd8 39. Kd3 Kf8 40. Reb1 Rdb8 41. b4 axb4 42. axb4 cxb4 43. c5 Kg7 44. Kc4 Rc7 45. Rxb4 Rbc8 46. Rb7 Kg6 47. Rxc7 Rxc7 48. Rb6+ Kg7 49. Kd5 d3 50. c6 Rc8 51.
Kxe5 d2 52. Rb7+ Kg6 53. c7 Re8+ 54. Kd5 Ra8 55. Rb8 Ra5+ 56. Kc4 Ra4+ 57. Kb3 Rxe4 58. c8=Q Re3+ 59. Kc2 Rxf3 60. Qc6+ Kf5 61. Qxf3 1-0

[Event "*** Titled Tuesday 3|2 Blitz"]
[Site "Chess.com"]
[Date "2016.09.06"]
[Round "5"]
[White "Sanan_Sjugirov"]
[Black "lionheart95"]
[Result "1/2-1/2"]
[WhiteElo "2706"]
[BlackElo "2468"]
[TimeControl "180+2"]
[EndTime "12:02:34 PDT"]
[Termination "Game drawn by repetition"]

1. d4 Nf6 2. Nf3 g6 3. Bg5 Bg7 4. Nbd2 d6 5. e3 O-O 6. Bc4 c5 7. c3 Qc7 8. O-O Nbd7 9. a4 b6 10.
Qe2 Bb7 11. e4 h6 12. Bh4 e6 13. Bd3 Nh5 14. Qe3 e5 15. dxe5 dxe5 16. Bc4 Nf4 17. Bg3 g5 18. Rfd1 Rad8 19. h4 gxh4 20. Nxh4 Bf6 21.
Ndf3 Nb8 22. Nf5 Kh7 23. Bxf4 exf4 24. Qe2 Nc6 25. Bd5 Bc8 26. Qc2 Ne5 27. Qe2 Nxf3+ 28. Qxf3 Rg8 29. Bc4 Be6 30. Rxd8 Rxd8 31. b3 Qe5 32.
Qh5 Bg7 33. Bxe6 fxe6 34. Nxg7 Qxg7 35. Qf3 Qe5 36. Re1 Rd2 37. Qh3 h5 38. Qh4 Rd7 39. Qh3 Kh6 40. Kh1 Rd2 41. Kg1 Rd7 42. Kh1 Rd2 43. Kg1 Rd7 44. Kh1 Rd2 45. Kg1 Rd7 46. Kh1 1/2-1/2

[Event "*** Titled Tuesday 3|2 Blitz"]
[Site "Chess.com"]
[Date "2016.09.06"]
[Round "5"]
[White "Makalexa"]
[Black "Andrejkin"]
[Result "0-1"]
[WhiteElo "2156"]
[BlackElo "2203"]
[TimeControl "180+2"]
[EndTime "12:02:36 PDT"]
[Termination "Andrejkin won by checkmate"]

1. e4 c5 2. Nf3 d6 3. d4 cxd4 4. Nxd4 Nf6 5. Nc3 a6 6. Be3 e5 7. Nb3 Be6 8. Qd2 Nbd7 9. O-O-O Be7 10. f4 Qc7 11. f5 Bc4 12. g4 h6 13. Rg1 Rc8 14.
Kb1 b5 15. g5 hxg5 16. a3 g4 17. Bg5 a5 18. Bxc4 bxc4 19. Nc1 Rb8 20. b3 Qb7 21. Ka2 O-O 22. Rde1 Rfc8 23. h3 Nc5 24. Bxf6 Bxf6 25.
Nd5 cxb3+ 26. cxb3 Bh4 27. Rxg4 Nxb3 28. Qg2 Nxc1+ 29.
Rxc1 Qb3+ 30. Ka1 Qxa3+ 31. Qa2 Rxc1# 0-1

[Event "*** Titled Tuesday 3|2 Blitz"]
[Site "Chess.com"]
[Date "2016.09.06"]
[Round "5"]
[White "Polemistis"]
[Black "CraiggoryC"]
[Result "0-1"]
[WhiteElo "1777"]
[BlackElo "2023"]
[TimeControl "180+2"]
[EndTime "12:02:39 PDT"]
[Termination "CraiggoryC won by checkmate"]

1. d4 e6 2. c4 Nf6 3. Nf3 d5 4. e3 c6 5. b3 Nbd7 6. Bb2 Be7 7. Bd3 O-O 8. O-O b6 9. Nc3 Bb7 10. Ne5 dxc4 11. bxc4 c5 12. Qc2 Rc8 13. Rad1 Qc7 14.
Nxd7 Qxd7 15. d5 exd5 16. Bf5 Qc7 17. Bxc8 Qxc8 18. Nxd5 Nxd5 19. cxd5 Bd6 20. Qc3 f6 21. e4 Qg4 22. g3 Bc8 23. f3 Qh3 24. f4 Bg4 25. Rd2 c4 26. Qxc4 Rc8 27. Qd3 Bc5+ 28. Bd4 Bb4 29. Rdf2 Qh5 30. e5 Bf5 31. Qe3 Bh3 32.
Rb1 Rc4 33. Qd3 Rxd4 34. Qxd4 Bc5 35. Qd2 Qf3 36. Rb3 Qg2# 0-1

[Event "*** Titled Tuesday 3|2 Blitz"]
[Site "Chess.com"]
[Date "2016.09.06"]
[Round "5"]
[White "GianmarcoVaR"]
[Black "MattyDPerrine"]
[Result "1-0"]
[WhiteElo "2395"]
[BlackElo "2200"]
[TimeControl "180+2"]
[EndTime "12:02:51 PDT"]
[Termination "GianmarcoVaR won by resignation"]

1. d4 Nf6 2. c4 c5 3. d5 b5 4. cxb5 a6 5. bxa6 g6 6. Nc3 Bxa6 7. Nf3 d6 8. g3 Bg7 9. Bg2 O-O 10. O-O Nbd7 11. Qc2 Qa5 12. Rd1 Nb6 13. Rb1 Nc4 14. Nd2 Nd7 15. Nxc4 Bxc4 16. Bd2 Bxc3 17. Bxc3 Qxa2 18.
Qd2 Nb6 19. h4 Na4 20. Ra1 Qb3 21. Ra3 Qb5 22. Rda1 Bb3 23. h5 Rab8 24. Rxa4 Bxa4 25. Qh6 f6 26. hxg6 Rf7 27. gxf7+ Kxf7 28. Bh3 Ke8 29. Qg7 Kd8 30. Qf8+ Qe8 31. Qxe8+ Bxe8 32. Ra7 Bg6 33. Bd7 Be4 34. Ba5+ 1-0

[Event "*** Titled Tuesday 3|2 Blitz"]
[Site "Chess.com"]
[Date "2016.09.06"]
[Round "5"]
[White "pedromartinez91"]
[Black "RamonManon0g"]
[Result "1-0"]
[WhiteElo "2384"]
[BlackElo "2198"]
[TimeControl "180+2"]
[EndTime "12:03:08 PDT"]
[Termination "pedromartinez91 won on time"]

1. e4 c5 2. Nf3 d6 3. d4 cxd4 4. Nxd4 Nf6 5. Nc3 a6 6. f3 e5 7. Nb3 Be7 8. Be3 Be6 9. Qd2 Nbd7 10. O-O-O O-O 11. g4 b5 12. h4 b4 13. Na4 a5 14. g5 Nh5 15. Bb5 Rc8 16. Bxd7 Bxd7 17. Nb6 Rc6 18. Nxd7 Qxd7 19. Kb1 a4 20. Nc1 Rfc8 21.
Qxb4 Rxc2 22. Rd2 Qc6 23. Rxc2 Qxc2+ 24. Ka1 Kf8 25. Qd2 Qxd2 26. Bxd2 Rc2 27. Rd1 f6 28. Kb1 Rc4 29. Nd3 fxg5 30. hxg5 Ng3 31. b3 axb3 32.
axb3 Rd4 33. Be3 Ne2 34. Bxd4 exd4 35. Rh1 Bxg5 36. Rxh7 Nc3+ 37. Kc2 Kf7 38. Rh8 Ne2 39. b4 1-0

[Event "*** Titled Tuesday 3|2 Blitz"]
[Site "Chess.com"]
[Date "2016.09.06"]
[Round "5"]
[White "Anton_Demchenko"]
[Black "Wolverine_master"]
[Result "1-0"]
[WhiteElo "2608"]
[BlackElo "2051"]
[TimeControl "180+2"]
[EndTime "12:03:20 PDT"]
[Termination "Anton_Demchenko won by resignation"]

1. e4 d5 2. exd5 Qxd5 3. Nc3 Qd6 4. d4 Nf6 5. Nb5 Qb6 6. c4 c6 7. Nc3 Bg4 8. Be2 Bxe2 9. Ngxe2 Nbd7 10. O-O e6 11.
Qc2 Be7 12. h3 O-O 13. Be3 Qc7 14. Rad1 Rfd8 15. Ne4 Nxe4 16. Qxe4 Nf6 17. Qf3 Qa5 18. a3 Rd7 19. Nf4 Rad8 20. Nd3 Bd6 21. Rfe1 Qa4 22.
Rc1 h6 23. g4 Qa5 24. Kg2 e5 25. Nxe5 Bxe5 26. dxe5 Nh7 27. Qf5 Re7 28. Rcd1 Rde8 29.
Bf4 Nf8 30. Bg3 Ng6 31. f4 Qc5 32. Qe4 b5 33. b4 Qxc4 34. Qxc4 bxc4 35. Re4 a5 36.
Rxc4 axb4 37. axb4 Rb7 38. Rdd4 Reb8 39. f5 Ne7 40. e6 Ra8 41. Rd7 Rxd7 42. exd7 Rd8 43. Rd4 Nd5 44. b5 Rxd7 45. bxc6 Ne3+ 46. Kf3 Rxd4 47. Kxe3 Rc4 48. c7 Kf8 49. Kd3 Rc1 50.
Bf4 Ke8 51. Bxc1 Kd7 52. f6 gxf6 53. Bxh6 Kxc7 54. Ke4 Kd7 55. Kf5 Ke7 56. Bg7 1-0

[Event "*** Titled Tuesday 3|2 Blitz"]
[Site "Chess.com"]
[Date "2016.09.06"]
[Round "5"]
[White "Colombiano07"]
[Black "VMikhalevski"]
[Result "0-1"]
[WhiteElo "2213"]
[BlackElo "2440"]
[TimeControl "180+2"]
[EndTime "12:03:20 PDT"]
[Termination "VMikhalevski won by resignation"]

1. d4 Nf6 2. Nf3 g6 3. Bf4 Bg7 4. e3 c5 5. c3 Qb6 6. Qb3 d6 7. Be2 Be6 8. Bc4 Bxc4 9. Qxc4 Qxb2 10. O-O Nbd7 11. Nbd2 Qb6 12. Rab1 Qc6 13. a4 O-O 14.
h3 cxd4 15. exd4 Nd5 16. Bh2 Nxc3 17. Qxc6 bxc6 18. Rb7 Rfd8 19. Re1 Bf6 20. a5 a6 21.
Re3 Nb5 22. Nc4 Ra7 23. Rxa7 Nxa7 24. Nfd2 Rb8 25. Bg3 Rb4 26. Nxd6 exd6 27. Re8+ Kg7 28. Bxd6 Rxd4 29. Ne4 Nb5 30. Bg3 c5 31. Nxf6 Kxf6 32. Kh2 c4 33. Ra8 c3 34. Rxa6+ Ke7 35. Rc6 Re4 36.
a6 Re6 37. Rc8 Rxa6 38. h4 h5 39. Kh3 Ra1 40. f3 Rh1+ 41. Bh2 Ke6 42. g4 Nf6 43. g5 Nd5 44. Kg2 Rd1 45. Rc6+ Kf5 46. Rc5 Na3 47. Bg3 c2 0-1